cohdb
Replays
Latest Replays
All Replays
Popular Replays
Top Player Replays
Match Explorer
How It Works
Community
CoH3 Stats
Reddit
Sign in to upload your games and track your stats! →
Sign in with Steam
Match 47144897
Unlisted
Match 47144897
Overview
Messages
Build Orders
End
Construct Section Command Post
Infantry Section
Dingo Light Scout Car
Infantry Section
Infantry Section
Grenade Package
Vickers Machine Gun Team
Selects Canadian Shock Battlegroup
Selects Offensive Resupply
Selects Canadian Shock Section
Construct Platoon Command Post
Unlock M3 Stuart Light Tanks
Selects Incendiary Munitions
M3 Stuart Light Tank
6-pounder Anti-tank Gun Team
Canadian Shock Section
Selects Pyrotechnics
Unlock Bishop Self-propelled Artillery
Vickers Machine Gun Team
M3 Stuart Light Tank
Selects Smoke Operation
AP
jdnebel
General of the Felix Legions
AkvaBr
0
0
Comments
sign in to comment!
No comments posted yet!